 Dungeon Crawl Stone Soup version 0.29.1-13-g9f3cf754e1 (webtiles) character file.

Game seed: 16001862259243840108

530 zlionsfan the Sneak (level 7, -1/49 HPs)
             Began as an Octopode Monk on Jan 21, 2023.
             Slain by a wyvern zombie (12 damage)
             ... in an ossuary.
             The game lasted 00:12:28 (3197 turns).

zlionsfan the Sneak (Octopode Monk)                 Turns: 3197, Time: 00:12:28

Health: -1/49      AC:  1    Str: 10    XL:     7   Next: 24%
Magic:  7/7        EV: 14    Int: 12    God:
Gold:   227        SH:  6    Dex: 17    Spells: 6/6 levels left

rFire   + . .      SeeInvis .   a - +0 falchion
rCold   . . .      Faith    .   k - +2 buckler {rF+}
rNeg    + . .      Spirit   .   (helmet restricted)
rPois   .          Reflect  .   n - amulet of regeneration
rElec   .          Harm     .   m - ring of positive energy
rCorr   .          Rampage  .   (no ring)
Will    .....                   (no ring)
Stlth   ++++......              (no ring)
HPRegen 0.96/turn               (no ring)
MPRegen 0.10/turn               (no ring)
                                (no ring)
                                (no ring)

@: mighty
A: almost no armour, amphibious, 8 rings, camouflage 1, gelatinous body 1,
(nimble swimmer 1), tentacles
a: no special abilities


You were in an ossuary.
You visited 1 branch of the dungeon, and saw 5 of its levels.
You also visited: Ossuary.

You collected 335 gold pieces.
You spent 108 gold pieces at shops.

Inventory:

Hand Weapons
 a - a +0 falchion (weapon)
Missiles
 l - 9 javelins (quivered)
 r - 2 throwing nets
Armour
 k - a +2 buckler of fire resistance (worn)
Jewellery
 m - a ring of positive energy (left tentacle)
 n - an amulet of regeneration (around mantle)
Scrolls
 d - a scroll of magic mapping
 e - 3 scrolls of fear
 h - a scroll of vulnerability {unknown}
 i - a scroll of summoning {unknown}
 o - a scroll of enchant weapon {unknown}
 p - a scroll of poison {unknown}
 q - 2 scrolls of immolation
 t - a scroll of enchant armour {unknown}
 u - a scroll of teleportation {unknown}
Potions
 b - 2 potions of ambrosia
 c - 3 potions of flight
 f - 2 potions of haste {unknown}
 g - a potion of magic {unknown}
 j - a potion of curing
 s - a potion of might
 v - a potion of berserk rage {unknown}


   Skills:
 * Level 4.3 Fighting
 * Level 5.8 Long Blades
 + Level 3.6 Dodging
 + Level 5.9 Stealth
 + Level 1.0 Shields


You had 6 spell levels left.
You didn't know any spells.
Your spell library contained the following spells:

 Spells                   Type           Power      Damage    Failure   Level
 Conjure Flame            Conj/Fire      0%         6-21      80%         3
 Dazzling Flash           Conj/Hex       0%         N/A       80%         3
 Ignite Poison            Fire/Tmut/Pois 0%         N/A       80%         3
 Passage of Golubria      Tloc           0%         N/A       99%         4
 Sticky Flame             Conj/Fire      0%         2d3       99%         4
 Agony                    Necr           0%         N/A       100%        5
 Silence                  Hex/Air        0%         N/A       100%        5
 Lehudib's Crystal Spear  Conj/Erth      0%         10d2      100%        8


Dungeon Overview and Level Annotations

Branches:
Dungeon (5/15)            Ossuary (1/1)
 Temple: D:4-7

Altars:
Kikubaaqudgha

Shops:
D:5 *

Annotations:
D:4 Pikel
D:5 Sigmund


Innate Abilities, Weirdness & Mutations

You cannot wear most types of armour.
You are amphibious.
You can wear up to eight rings at the same time.
Your skin changes colour to match your surroundings (Stealth+).
Your rubbery body absorbs attacks. (AC +1, EV +1)
((You are camouflaged when in or above water. (Stealth+)))
You have tentacles for arms and can constrict up to eight enemies at once.


Message History

You constrict the bullfrog zombie. The bullfrog zombie barely misses you.
The bullfrog zombie misses you.
You slash the bullfrog zombie! You squeeze the bullfrog zombie!
You destroy the bullfrog zombie!
You have reached level 7!
There is an open door here.
You hit the hornet zombie but do no damage.
You grab the hornet zombie. Your squeeze misses the hornet zombie.
You constrict the hornet zombie. The hornet zombie hits you.
You hit the hornet zombie.
The hornet zombie is lightly damaged.
You constrict the hornet zombie. The hornet zombie hits you! x2
You hit the hornet zombie.
You squeeze the hornet zombie, but do no damage.
The hornet zombie is lightly damaged.
You constrict the hornet zombie. The hornet zombie hits you!
* * * LOW HITPOINT WARNING * * *
It was a potion of might.
You feel very mighty all of a sudden.
You constrict the hornet zombie. The hornet zombie barely misses you.
It was a potion of curing.
You feel better.
You constrict the hornet zombie. The hornet zombie hits you!
* * * LOW HITPOINT WARNING * * *
The hornet zombie hits you.
* * * LOW HITPOINT WARNING * * *
You slash the hornet zombie!
The hornet zombie is heavily damaged.
You constrict the hornet zombie. You block the hornet zombie's attack.
A bog mummy comes into view.
You slash the hornet zombie! You squeeze the hornet zombie.
The hornet zombie is almost destroyed.
You constrict the hornet zombie. The hornet zombie barely misses you.
You slash the hornet zombie!
You destroy the hornet zombie!
The killer bee zombie closely misses you.
Your Shields skill increases to level 1!
The killer bee zombie attacks as you move away!
The killer bee zombie barely misses you.
The wyvern zombie bites you!
You die...

#M# ~~#
#~~ ~~#
#~# +~+
###.#####
#.'Z#..∩#
###.@.∩.#
#.~Z#...#
###~#####
.~. #~.~
#≈.#P
#~~##
###≈


You could see a wyvern zombie and a killer bee zombie.

Vanquished Creatures
  A hornet zombie (Ossuary)
  2 scorpions (D:5)
  A bullfrog zombie (Ossuary)
  2 hounds (D:5)
  Terence (D:3)
  An iguana (D:5)
  An orc wizard (D:3)
  A mummy (Ossuary)
  2 howler monkey zombies (Ossuary)
  2 adders
  A shadow imp (D:5)
  An ufetubus (D:4)
  3 worms (D:2)
  3 dart slugs
  7 orcs
  2 bat zombies (D:5)
  3 endoplasms
  7 giant cockroaches
  2 goblins
  8 hobgoblins
  2 jackals (D:4)
  6 kobolds
  4 quokkas
  7 ball pythons
  3 bats
  4 frilled lizards
  3 rats
  2 rat zombies (D:5)
82 creatures vanquished.

Vanquished Creatures (others)
  A fungus (D:1)
  4 withered plants (Ossuary)
5 creatures vanquished.

Grand Total: 87 creatures vanquished

Notes
Turn   | Place    | Note
-------+----------+-------------------------------------------
     0 | D:1      | zlionsfan the Octopode Monk began the quest for the Orb.
     0 | D:1      | Reached XP level 1. HP: 16/16 MP: 1/1
   304 | D:1      | Reached XP level 2. HP: 17/21 MP: 2/2
   558 | D:1      | Found a faded altar of an unknown god.
   901 | D:2      | Reached XP level 3. HP: 11/26 MP: 3/3
  1764 | D:3      | Noticed Terence
  1769 | D:3      | Killed Terence
  1770 | D:3      | Reached XP level 4. HP: 26/33 MP: 4/4
  2032 | D:3      | Reached XP level 5. HP: 37/37 MP: 5/5
  2137 | D:3      | Identified a scroll of acquirement
  2139 | D:3      | Acquired a +2 buckler of fire resistance
  2372 | D:4      | Noticed Pikel
  2372 | D:4      | Noticed a lemure
  2893 | D:5      | Entered Level 5 of the Dungeon
  2943 | D:5      | Reached skill level 5 in Stealth
  2998 | D:5      | Found Tistig's Assorted Antiques.
  3006 | D:5      | Bought a scroll of identify for 54 gold pieces
  3006 | D:5      | Bought a scroll of identify for 54 gold pieces
  3029 | D:5      | Reached XP level 6. HP: 43/43 MP: 6/6
  3033 | D:5      | Reached skill level 5 in Long Blades
  3065 | D:5      | Found an ancient bone altar of Kikubaaqudgha.
  3102 | D:5      | Noticed Sigmund
  3134 | D:5      | Found a sand-covered staircase.
  3155 | Ossuary  | Entered an ossuary
  3185 | Ossuary  | Reached XP level 7. HP: 48/48 MP: 7/7
  3196 | Ossuary  | Reached skill level 1 in Shields
  3197 | Ossuary  | Slain by a wyvern zombie

Illustrated notes

Levels and vault maps discovered:
D:1:      dpeg_arrival_circle_labyrinth_c, layout_rooms,
          dreamdust_ecumenical_altar_hidden_monk_grotto
D:2:      layout_basic
D:3:      layout_rooms, corner_web_ring, minmay_pentomino_pile, uniq_terence
D:4:      layout_basic, uniq_pikel
D:5:      layout_rooms, lemuel_coloured_pillars_altar,
          lemuel_zombie_altar_kikubaaqudgha, chequers_ossuary_entry_cave,
          serial_shops, shop, uniq_sigmund
Ossuary:  ossuary_zaba_flooded

Skill      XL: |  1  2  3  4  5  6  7 |
---------------+----------------------+-----
Stealth        | 3 4 5 |  5.9
Long Blades    | 4 5 |  5.8
Fighting       | 4 |  4.3
Shields        | 1 |  1.0
Dodging        | |  3.6

Action                   |  1- 3 |  4- 6 |  7- 9 || total
-------------------------+-------+-------+-------++-------
Melee: Falchion          |    77 |   101 |     6 ||   184
       Constrict         |    23 |    25 |     1 ||    49
       Tentacles         |    13 |    23 |     2 ||    38
       Punch             |       |     4 |       ||     4
Throw: Javelin           |       |     1 |       ||     1
  Use: Scroll            |       |     7 |       ||     7
       Potion            |       |       |     2 ||     2
 Stab: Sleeping          |    16 |    11 |       ||    27
Armor: Skin              |     2 |     9 |       ||    11
Dodge: Dodged            |    46 |    66 |     4 ||   116
Block: Buckler           |       |    26 |     1 ||    27
